 Dungeon Crawl Stone Soup version 0.19.1 (webtiles) character file.

15003 Darkmans the Peltast (level 11, -27/84 HPs)
             Began as a Minotaur Fighter on Dec 17, 2016.
             Was a Priest of Trog.
             Annihilated by Geoffrax's ghost (39 damage)
             ... on level 3 of the Lair of Beasts.
             The game lasted 00:33:26 (11175 turns).

Darkmans the Peltast (Minotaur Fighter)            Turns: 11175, Time: 00:33:32

Health: -27/84     AC: 14    Str: 29    XL:     11   Next: 96%
Magic:  10/10      EV:  9    Int:  5    God:    Trog [***...]
Gold:   63         SH: 20    Dex: 10    Spells: 1 memorised, 9 levels left

rFire  . . .     SeeInvis .     u - +0 long sword (holy)
rCold  . . .     Gourm    .     q - +0 plate armour
rNeg   . . .     Faith    .     c - +0 shield
rPois  .         Spirit   .     L - +1 hat
rElec  .         Reflect  +     (no cloak)
rCorr  .         Harm     .     (no gloves)
MR     .....                    (no boots)
Stlth  ..........               p - +6 amulet of reflection
                                r - +3 ring of slaying
                                v - +2 ring of protection

@: mighty, exhausted, starving, slowed, very slow
A: retaliatory headbutt, horns 2
a: Berserk, Trog's Hand, Burn Spellbooks, Renounce Religion


You were on level 3 of the Lair of Beasts.
You worshipped Trog.
Trog was most pleased with you.
You were starving.

You visited 3 branches of the dungeon, and saw 14 of its levels.
You also visited: Ossuary.

You collected 756 gold pieces.
You spent 693 gold pieces at shops.

Inventory:

Hand Weapons
 a - a +1 long sword
 m - the +2 flail "Ehaenov" {vamp, -Tele rN+ Dex+8}
   (You bought it in a shop on level 5 of the Dungeon)

   It inflicts no extra harm, but heals its wielder when it wounds a living foe.
   It affects your dexterity (+8).
   It protects you from negative energy.
   It prevents most forms of teleportation.
 u - a +0 long sword of holy wrath (weapon)
Armour
 b - a +0 scale mail
 c - a +0 shield (worn)
 q - a +0 plate armour (worn)
 w - the +0 leather armour of the Devil's Advocate {rElec MR+++ Regen+ Int+4}
   (You bought it in a shop on level 10 of the Dungeon)

   It affects your intelligence (+4).
   It insulates you from electricity.
   It affects your resistance to hostile enchantments.
   It increases your rate of regeneration.
 L - a +1 hat (worn)
Jewellery
 l - an uncursed ring of protection from fire
 p - a +6 amulet of reflection (around neck)
 r - a +3 ring of slaying (right hand)
 s - an uncursed ring of fire
 v - a +2 ring of protection (left hand)
 P - an uncursed ring of positive energy
Wands
 i - a wand of acid (12/15)
 B - a wand of random effects (21/48)
 F - a wand of heal wounds (3/9)
 I - a wand of digging (13/24)
 K - a wand of flame (15/48)
 O - a wand of flame (27/48)
 Q - a wand of disintegration (12/24)
Scrolls
 h - 5 scrolls of teleportation
 k - 7 scrolls of remove curse
 y - a scroll of enchant armour {unknown}
 N - 2 scrolls of enchant weapon
Potions
 d - a potion of might (quivered)
 e - 4 potions of flight
 g - 2 potions of agility
 j - 2 potions of magic
 t - a potion of mutation {unknown}
 x - 2 potions of haste
 z - 2 potions of lignification
 A - a potion of curing
 D - a potion of cancellation {unknown}
 G - a potion of berserk rage
 J - a potion of ambrosia
 M - a potion of brilliance {unknown}
Miscellaneous
 E - a phial of floods
Comestibles
 f - 3 bread rations
 n - 2 royal jellies
 o - 3 meat rations
 C - 17 fruits
 H - 2 slices of pizza


   Skills:
 + Level 4.2 Fighting
 - Level 7.7 Long Blades
 + Level 14.1 Maces & Flails
 - Level 3.6 Armour
 - Level 4.7 Dodging
 - Level 15.0 Shields


You had 9 spell levels left.
You knew the following spells:

 Your Spells              Type           Power        Failure   Level  Hunger
a - Corona                Hex            #......      100%        1    ##.....


Dungeon Overview and Level Annotations

Branches:
Dungeon (10/15)            Temple (1/1) D:7            Lair (3/6) D:10
  Swamp: Lair:2-4    Shoals: Lair:2-4     Snake: Lair:2-4    Spider: Lair:2-4
    Orc: D:9-12

Altars:
Ashenzari
Cheibriados
Dithmenos
Elyvilon
Fedhas
Gozag
Hepliaklqana
Kikubaaqudgha
Makhleb
Nemelex Xobeh
Okawaru
Qazlal
Ru
Sif Muna
Trog
Uskayaw
Vehumet
Xom
Yredelemnul
Zin
The Shining One

Shops:
D:5 (   D:9 (   D:10 [

Annotations:
D:3 Grinder
D:4 Edmund, Pikel
D:8 Erica
Lair:3 Geoffrax's ghost, journeyman DgGl


Innate Abilities, Weirdness & Mutations

You reflexively headbutt those who attack you in melee.
You have a pair of horns on your head.


Message History

You hit Geoffrax's ghost.
Geoffrax's ghost convulses.
Your headbutt misses Geoffrax's ghost.
Geoffrax's ghost is almost destroyed.
Geoffrax's ghost hits you!!!
You hit Geoffrax's ghost but do no damage.
You headbutt Geoffrax's ghost.
Geoffrax's ghost is almost destroyed.
You closely miss Geoffrax's ghost.
Geoffrax's ghost is almost destroyed.
Geoffrax's ghost hits you!!
* * * LOW HITPOINT WARNING * * *
x2 You are too berserk!
You miss Geoffrax's ghost.
You headbutt Geoffrax's ghost, but do no damage.
Geoffrax's ghost is almost destroyed.
You are no longer berserk.
Trog's vigour flows through your veins.
You are exhausted.
You feel yourself slow down. Geoffrax's ghost hits you!!!
You die...

............#.8...8.# .......
...........##........ ......#
##.#......##....8.... .......
#####.#..###.#..........
=.....###....##..####...#....##.
...................##.........#
.....................8.#.......#
.......................#........
...............W@####.#.#.#P....
.##....###.####..##P...#####...
##....#### #...###P.PP# #.
#...### ###...##.P..# #...#
#.#..##....## #...# #...##....#
##... #....#....# ....
#....##...# ##.. #..#...##...#


You could see Geoffrax's ghost.

Vanquished Creatures
  Gastronok (D:9)
  2 hydras (Lair:1)
  A death yak (Lair:1)
  A hill giant (Lair:1)
  3 spiny frogs (Lair:1)
  Psyche (D:9)
  A rime drake (Lair:1)
  4 komodo dragons
  A hornet (D:10)
  2 hippogriffs
  Eustachio (D:4)
  16 yaks
  2 basilisks
  4 water moccasins
  5 porcupines
  5 orc warriors
  A phantom (D:9)
  A swamp drake (D:10)
  A slave (D:3)
  2 black bears
  2 sky beasts
  An eye of draining (D:9)
  A centaur (D:9)
  2 ogres
  4 wolves (Lair:2)
  5 crocodiles
  Blork the orc (D:5)
  A big kobold (D:10)
  9 bullfrogs
  4 scorpions
  A howler monkey (D:5)
  2 crimson imps
  3 hounds
  3 jellies
  4 orc priests
  A centaur skeleton (D:10)
  Ijyb (D:2)
  12 orc wizards
  5 iguanas
  5 worker ants
  A hound zombie (D:9)
  2 hound skeletons
  9 mummies
  2 worker ant zombies
  5 adders
  2 shadow imps
  An ooze (D:2)
  An adder skeleton (D:6)
  3 worms
  4 dart slugs (D:1)
  8 leopard geckos
  42 orcs
  11 bats
  2 giant cockroaches
  12 goblins
  7 hobgoblins
  2 jackals (D:7)
  3 quokkas
  2 ball pythons
  4 frilled lizards
  A goblin zombie (D:6)
  A hobgoblin zombie (Ossuary)
  2 kobolds
  3 kobold zombies (Ossuary)
  A leopard gecko zombie (D:7)
  5 orc zombies
  12 rats
270 creatures vanquished.

Notes
Turn   | Place    | Note
-------+----------+-------------------------------------------
     0 | D:1      | Darkmans the Minotaur Fighter began the quest for the Orb.
     0 | D:1      | Reached XP level 1. HP: 19/19 MP: 0/0
    37 | D:1      | Reached skill level 4 in Shields
    44 | D:1      | Reached XP level 2. HP: 23/26 MP: 1/1
   444 | D:1      | Reached XP level 3. HP: 31/31 MP: 2/2
   779 | D:2      | Reached XP level 4. HP: 38/39 MP: 3/3
  1093 | D:2      | Noticed Ijyb
  1106 | D:2      | Killed Ijyb
  1106 | D:2      | Reached skill level 5 in Shields
  1420 | D:3      | Noticed Grinder
  1715 | D:4      | Noticed Eustachio
  1819 | D:4      | Killed Eustachio
  1819 | D:4      | Reached skill level 5 in Long Blades
  1819 | D:4      | Reached skill level 6 in Shields
  1819 | D:4      | Reached XP level 5. HP: 33/45 MP: 4/4
  1826 | D:4      | Reached XP level 6. HP: 33/51 MP: 5/5
  2313 | D:4      | Noticed a slave
  2313 | D:4      | Noticed a slave
  2313 | D:4      | Noticed a slave
  2314 | D:4      | Noticed Edmund
  2314 | D:4      | Noticed Pikel
  2314 | D:4      | Noticed a slave
  2335 | D:3      | Killed a slave
  2450 | D:5      | Entered Level 5 of the Dungeon
  2451 | D:5      | Found Fulah's Antique Weapon Boutique.
  2684 | D:5      | Bought an ichor-stained flail for 195 gold pieces
  2712 | D:5      | Reached skill level 7 in Shields
  2791 | D:5      | Identified the +2 flail "Ehaenov" {vamp, -Tele rN+ Dex+8} (You bought it in a shop on level 5 of the Dungeon)
  3125 | D:5      | Reached XP level 7. HP: 46/57 MP: 6/6
  3499 | D:5      | Noticed Blork the orc
  3505 | D:5      | Killed Blork the orc
  3565 | D:5      | Reached skill level 8 in Shields
  3923 | D:6      | Found a sand-covered staircase.
  3949 | Ossuary  | Entered an ossuary
  3990 | Ossuary  | Reached skill level 1 in Maces & Flails
  4643 | D:6      | Reached XP level 8. HP: 64/64 MP: 7/7
  4867 | D:7      | Reached skill level 9 in Shields
  4879 | D:7      | Learned a level 1 spell: Corona
  4902 | D:7      | Found a staircase to the Ecumenical Temple.
  4918 | Temple   | Entered the Ecumenical Temple
  5062 | Temple   | Became a worshipper of Trog the Wrathful
  5767 | D:8      | Reached skill level 5 in Maces & Flails
  5840 | D:8      | Reached skill level 10 in Shields
  6170 | D:8      | Noticed Erica
  6192 | D:9      | Reached * piety under Trog
  6196 | D:9      | Reached XP level 9. HP: 62/70 MP: 4/8
  6254 | D:9      | Noticed Gastronok
  6583 | D:9      | Noticed Psyche
  6590 | D:9      | Killed Psyche
  6590 | D:9      | Reached skill level 11 in Shields
  6597 | D:10     | Entered Level 10 of the Dungeon
  6791 | D:10     | Found Qoweten's Armour Shoppe.
  6884 | D:10     | Found a white marble altar of Elyvilon.
  6920 | D:10     | Noticed a komodo dragon
  6929 | D:10     | Killed a komodo dragon
  7023 | D:10     | Noticed a komodo dragon
  7035 | D:10     | Killed a komodo dragon
  7070 | D:10     | Found a staircase to the Lair.
  7126 | D:10     | Reached skill level 12 in Shields
  7730 | Lair:1   | Entered Level 1 of the Lair of Beasts
  7742 | Lair:1   | Reached XP level 10. HP: 77/77 MP: 9/9
  7815 | Lair:1   | Reached skill level 10 in Maces & Flails
  7827 | Lair:1   | Noticed a spiny frog
  7856 | Lair:1   | Killed a spiny frog
  7856 | Lair:1   | Reached ** piety under Trog
  8065 | D:10     | Bought the +0 leather armour of the Devil's Advocate {rElec MR+++ Regen+ Int+4} for 498 gold pieces
  8130 | D:10     | Paralysed by a hornet for 3 turns
  8135 | D:10     | Reached skill level 13 in Shields
  8301 | D:9      | Killed Gastronok
  8518 | D:9      | Reached skill level 14 in Shields
  8676 | D:9      | Found Loci's Antique Weapon Boutique.
  9050 | Lair:1   | Noticed a spiny frog
  9061 | Lair:1   | Killed a spiny frog
  9061 | Lair:1   | Reached XP level 11. HP: 82/82 MP: 10/10
  9129 | Lair:1   | Noticed a six-headed hydra
  9144 | Lair:1   | Killed a six-headed hydra
  9246 | Lair:1   | Noticed an eight-headed hydra
  9267 | Lair:1   | Killed an eight-headed hydra
  9507 | Lair:1   | Noticed a death yak
  9518 | Lair:1   | Killed a death yak
  9557 | Lair:1   | Noticed a hill giant
  9581 | Lair:1   | Killed a hill giant
  9917 | Lair:1   | Reached skill level 15 in Shields
 10355 | Lair:1   | Reached skill level 1 in Dodging
 10384 | Lair:2   | Reached *** piety under Trog
 11144 | Lair:3   | Noticed Geoffrax's ghost (journeyman DgGl)
 11175 | Lair:3   | Annihilated by Geoffrax's ghost

Skill      XL: |  1  2  3  4  5  6  7  8  9 10 11 |
---------------+----------------------------------+-----
Shields        | 4 6 7 8 10 12 14 15 | 15.0
Long Blades    | 3 4 5 6 7 |  7.7
Maces & Flails | 2 6 9 12 14 | 14.1
Dodging        | 4 |  4.7
Fighting       | 4 |  4.2
Armour         | |  3.6

Action                   |  1- 3 |  4- 6 |  7- 9 | 10-12 || total
-------------------------+-------+-------+-------+-------++-------
Melee: Long sword        |    90 |   113 |       |    18 ||   221
       Headbutt          |    17 |    24 |    85 |    99 ||   225
       Flail             |       |    32 |   300 |   314 ||   646
Invok: Burn Spellbooks   |       |       |     2 |       ||     2
       Berserk           |       |       |       |     4 ||     4
  Use: Potion            |     1 |       |     1 |     1 ||     3
       Scroll            |       |     8 |     8 |     3 ||    19
 Stab: Confused          |       |       |     1 |       ||     1
  Eat: Chunk             |       |     5 |    11 |     2 ||    18
       Fruit             |       |     2 |       |    12 ||    14
       Bread ration      |       |     1 |       |     1 ||     2
       Meat ration       |       |       |     1 |       ||     1
Armor: Scale mail        |    41 |       |    32 |     9 ||    82
       Ring mail         |       |    55 |    12 |       ||    67
       Plate armour      |       |       |       |    62 ||    62
       Leather armour    |       |       |       |     3 ||     3
Dodge: Dodged            |    32 |    50 |    51 |    44 ||   177
Block: Shield            |    54 |   104 |   254 |   287 ||   699
       Reflection        |       |       |     1 |     7 ||     8
       Rpst.: Long sword |     7 |    14 |       |     1 ||    22
